 Dungeon Crawl Stone Soup version 0.23.2-33-g5129a83184 (webtiles) character file.

Game seed: 17598432095996658330

1563 Destapler the Skirmisher (level 8, -5/73 HPs)
             Began as a Centaur Gladiator on June 30, 2019.
             Was an Initiate of Qazlal.
             Slain by Prince Ribbit (11 damage)
             ... on level 7 of the Dungeon.
             The game lasted 01:00:14 (9469 turns).

Destapler the Skirmisher (Centaur Gladiator)        Turns: 9469, Time: 01:00:15

Health: -5/73      AC:  7    Str: 16    XL:     8   Next: 58%
Magic:  8/8        EV:  9    Int:  7    God:    Qazlal [......]
Gold:   221        SH:  0    Dex: 12    Spells: 7/7 levels left

rFire    . . .     SeeInvis +   a - +1 trident
rCold    . . .     Gourm    .   (no shield)
rNeg     . . .     Faith    .   p - +0 ring mail
rPois    +         Spirit   .   c - +0 helmet
rElec    .         Reflect  .   (no cloak)
rCorr    .         Harm     .   (no gloves)
MR       .....                  (no barding)
Stlth    ..........             g - amulet of magic regeneration
HPRegen  0.22/turn              y - ring of see invisible
MPRegen  0.36/turn              z - ring of flight

@: about to teleport, very quick
A: large, hooves 3, deformed body, speed 2, poison resistance, tough skin 3,
weak 1, MP-powered wands
a: Renounce Religion, Evoke Flight


You were on level 7 of the Dungeon.
You worshipped Qazlal.
Qazlal was noncommittal.
You were not hungry.

You visited 2 branches of the dungeon, and saw 8 of its levels.
You also visited: Sewer.

You collected 221 gold pieces.

Inventory:

Hand Weapons
 a - a +1 trident (weapon)
 s - a +0 halberd
Missiles
 d - 3 throwing nets
 k - 327 stones (quivered)
 r - 3 javelins
Armour
 b - a +0 leather armour
 c - a +0 helmet (worn)
 l - a +0 robe
 p - a +0 ring mail (worn)
 K - a cursed -1 leather armour
Jewellery
 g - an amulet of magic regeneration (around neck)
 y - a ring of see invisible (left hand)
 z - a ring of flight (right hand)
Wands
 C - a wand of flame (10)
 J - a wand of random effects (21)
Scrolls
 h - a scroll of magic mapping
 j - 7 scrolls of remove curse
 m - a scroll of immolation {unknown}
 n - 3 scrolls of identify
 o - 2 scrolls of amnesia {unknown}
 t - 2 scrolls of enchant weapon
 w - a scroll of fog {unknown}
 x - 2 scrolls of blinking {unknown}
 F - 2 scrolls of teleportation
 H - a scroll of enchant armour {unknown}
 I - a scroll of fear {unknown}
Potions
 e - a potion of heal wounds {unknown}
 i - 2 potions of flight {unknown}
 q - 4 potions of mutation
 u - 5 potions of curing
 v - 2 potions of brilliance {unknown}
 A - 2 potions of resistance {unknown}
 B - a potion of ambrosia {unknown}
 D - a potion of lignification {unknown}
 E - 2 potions of haste {unknown}
 G - 2 potions of magic {unknown}
Comestibles
 f - 7 rations
 L - 2 chunks of flesh


   Skills:
 * Level 7.6 Fighting
 + Level 5.6 Polearms
 - Level 5.0 Throwing
 - Level 2.0 Armour
 - Level 3.0 Dodging


You had 7 spell levels left.
You didn't know any spells.
Your spell library contained the following spells:

 Spells                   Type           Power        Failure   Level  Hunger
 Sandblast                Erth           #.....       65%         1    ##.....
 Call Imp                 Summ           #.......     78%         2    ###....
 Ensorcelled Hibernation  Hex/Ice        #.....       78%         2    ###....
 Passwall                 Tmut/Erth      #.......     78%         2    ###....
 Slow                     Hex            #.......     78%         2    ###....
 Inner Flame              Hex/Fire       #.......     95%         3    ####...
 Stone Arrow              Conj/Erth      #.....       95%         3    ####...
 Petrify                  Tmut/Erth      #.......     100%        4    #####..
 Lee's Rapid Deconstruct  Erth           #.........   100%        5    ######.
 Summon Demon             Summ           #.........   100%        5    ######.
 Summon Mana Viper        Hex/Summ       #.......     100%        5    ######.


Dungeon Overview and Level Annotations

Branches:
Dungeon (7/15)             Temple (1/1) D:4

Altars:
Ashenzari
Dithmenos
Elyvilon
Gozag
Hepliaklqana
Kikubaaqudgha
Nemelex Xobeh
Okawaru
Qazlal
Sif Muna
Uskayaw
Wu Jian
Xom
Yredelemnul
Zin

Annotations:
D:1 1 exclusion
D:4 1 exclusion
D:7 Prince Ribbit


Innate Abilities, Weirdness & Mutations

You have hooves in place of feet.
Armour fits poorly on your strangely shaped body.
You cover ground very quickly.
You have extremely tough skin. (AC +3)
Your system is resistant to poisons. (rPois)
You are weak. (Str -2)
You expend magic power (3 MP) to strengthen your wands.


Message History

* * * LOW HITPOINT WARNING * * *
The orc priest hits you but does no damage.
You barely miss Prince Ribbit.
Prince Ribbit is heavily wounded.
Prince Ribbit hits you.
* * * LOW HITPOINT WARNING * * *
The orc wizard casts a spell.
The orc wizard blinks!
The orc priest barely misses you.
You puncture Prince Ribbit!
Prince Ribbit is severely wounded.
Prince Ribbit hits you!
* * * LOW HITPOINT WARNING * * *
An orc wizard comes into view. It is wielding a +0 dagger.
Prince Ribbit closely misses you.
The orc priest hits you but does no damage.
Okay, then.
As you read the scroll labeled PIENAE SYLOR, it crumbles to dust.
You feel strangely unstable.
It was a scroll of teleportation.
Prince Ribbit hits you!
You die...

#..# #...'.+ ..# #
#..# #####.# ### #
#..# #.# #
#..#######'#######
##.....F...........
#..#######.###...#.
#.## #...#.....
##F## ###.......
#..@## ##F....#
####o# .(..#. #.#
...... #...# .....#
##.%... F....#
..o.... .....#
.####.. .o.... .# #
.#


You could see Prince Ribbit, an orc priest and an orc wizard.

Vanquished Creatures
  A water moccasin (D:4)
  An ice beast (D:6)
  2 phantoms
  A sky beast (D:6)
  2 ogres
  A centaur (D:6)
  A bullfrog (D:6)
  A wyvern skeleton (D:4)
  A scorpion (D:6)
  2 crimson imps (D:6)
  A hound (D:4)
  A gnoll shaman (D:6)
  A bullfrog skeleton (D:7)
  A centaur skeleton (D:6)
  2 iguanas
  2 worker ants (D:5)
  A killer bee zombie (D:5)
  2 hound skeletons
  9 adders
  14 gnolls
  2 shadow imps (D:6)
  An ooze (D:3)
  A worm (D:2)
  2 dart slugs
  5 leopard geckos
  4 orcs
  5 ball pythons
  8 bats
  7 giant cockroaches
  8 hobgoblins
  9 jackals
  14 frilled lizards
  9 goblins
  A jackal zombie (D:5)
  14 kobolds
  A leopard gecko zombie (D:5)
  7 rats
145 creatures vanquished.

Notes
Turn   | Place    | Note
-------+----------+-------------------------------------------
     0 | D:1      | Destapler the Centaur Gladiator began the quest for the
                  | Orb.
     0 | D:1      | Reached XP level 1. HP: 17/17 MP: 1/1
   306 | D:1      | Reached XP level 2. HP: 14/24 MP: 2/2
   980 | D:1      | Reached XP level 3. HP: 30/30 MP: 3/3
  2083 | D:2      | Reached skill level 3 in Fighting
  2083 | D:2      | Reached XP level 4. HP: 31/38 MP: 4/4
  2860 | D:3      | Reached XP level 5. HP: 38/45 MP: 5/5
  2943 | D:3      | Found an iron altar of Okawaru.
  4040 | D:4      | Reached skill level 4 in Fighting
  4279 | D:4      | Found a hazy altar of Hepliaklqana.
  4279 | D:4      | Found an ornate altar of the Wu Jian Council.
  4567 | D:4      | Reached XP level 6. HP: 14/52 MP: 6/6
  4961 | D:4      | Reached skill level 1 in Armour
  5100 | D:4      | Found a staircase to the Ecumenical Temple.
  5120 | Temple   | Entered the Ecumenical Temple
  5506 | D:5      | Entered Level 5 of the Dungeon
  5506 | D:5      | Noticed a water moccasin
  5609 | D:4      | Killed a water moccasin
  5609 | D:4      | Reached skill level 5 in Fighting
  5609 | D:4      | Reached XP level 7. HP: 22/61 MP: 7/7
  6180 | D:5      | Identified the Almanac of Execration and Creation
  6389 | D:5      | Found a stormy altar of Qazlal.
  6960 | D:6      | Found a glowing drain.
  7003 | Sewer    | Entered a sewer
  7367 | D:6      | Reached skill level 6 in Fighting
  7401 | D:6      | Reached XP level 8. HP: 41/70 MP: 8/8
  7608 | D:6      | Reached skill level 5 in Polearms
  7840 | D:6      | Reached skill level 5 in Throwing
  7933 | D:6      | Found a shattered altar of Ashenzari.
  7935 | D:6      | Found an ancient bone altar of Kikubaaqudgha.
  8151 | D:6      | Gained mutation: You expend magic power (3 MP) to
                  | strengthen your wands. [potion of mutation]
  8151 | D:6      | Gained mutation: You are weak. (Str -2) [potion of
                  | mutation]
  8151 | D:6      | Gained mutation: Your system is resistant to poisons.
                  | (rPois) [potion of mutation]
  8378 | D:6      | Reached skill level 7 in Fighting
  8719 | D:5      | Became a worshipper of Qazlal Stormbringer
  9441 | D:7      | Noticed Prince Ribbit
  9469 | D:7      | Slain by Prince Ribbit

Skill      XL: |  1  2  3  4  5  6  7  8 |
---------------+-------------------------+-----
Polearms       | 3 4 5 |  5.6
Fighting       | 3 4 5 6 7 |  7.6
Dodging        | 3 |  3.0
Throwing       | 3 4 5 |  5.0
Armour         | 1 2 |  2.0

Action                   |  1- 3 |  4- 6 |  7- 9 || total
-------------------------+-------+-------+-------++-------
Melee: Trident           |   135 |   172 |   228 ||   535
       Kick              |    13 |    30 |    43 ||    86
Throw: Stone             |    30 |    41 |    69 ||   140
 Abil: Evoke Flight      |       |       |     1 ||     1
  Use: Scroll            |       |     4 |     1 ||     5
       Potion            |       |       |     1 ||     1
  Eat: Chunk             |     2 |     9 |     5 ||    16
       Ration            |       |       |     2 ||     2
Armor: Leather armour    |    34 |     1 |       ||    35
       Ring mail         |       |    37 |    75 ||   112
Dodge: Dodged            |    49 |    69 |    65 ||   183
